 Dungeon Crawl Stone Soup version 0.20-a0-382-g289d6af (webtiles) character file.

438 Kurtz the Twirler (level 7, -10/40 HPs)
             Began as a Kobold Gladiator on Dec 29, 2016.
             Mangled by an orc wizard
             ... wielding a +1 dagger of electrocution
              (20 damage)
             ... on level 4 of the Dungeon.
             The game lasted 00:07:00 (3983 turns).

Kurtz the Twirler (Kobold Gladiator)                Turns: 3983, Time: 00:07:01

Health: -10/40     AC: 10    Str: 13    XL:     7   Next: 21%
Magic:  7/7        EV:  6    Int:  9    God:
Gold:   150        SH:  0    Dex: 17    Spells: 6/6 levels left

rFire  . . .     SeeInvis .     a - +1 quarterstaff
rCold  . . .     Gourm    .     k - +0 chain mail
rNeg   . . .     Faith    .     (shield currently unavailable)
rPois  .         Spirit   .     c - +1 helmet
rElec  .         Reflect  .     (no cloak)
rCorr  .         Harm     .     (no gloves)
MR     .....                    (no boots)
Stlth  ..........               (no amulet)
                                t - -3 ring of evasion (curse)
                                x - ring of stealth

@: no status effects
A: carnivore 3
a: no special abilities


You were on level 4 of the Dungeon.
You were very full.

You visited 1 branch of the dungeon, and saw 4 of its levels.

You collected 150 gold pieces.

Inventory:

Hand Weapons
 a - a +1 quarterstaff (weapon)
 p - a +0 fustibalus
Missiles
 b - 36 sling bullets
 d - a throwing net (quivered)
 m - 4 tomahawks
 r - 2 tomahawks of returning
Armour
 c - a +1 helmet (worn)
 k - a +0 chain mail (worn)
Jewellery
 l - an uncursed ring of stealth
 t - a cursed -3 ring of evasion (right hand)
 x - a ring of stealth (left hand)
Wands
 y - a wand of polymorph (10/24)
Scrolls
 e - a scroll of magic mapping
 h - a scroll of blinking
 i - a scroll of enchant weapon
 j - a scroll of fear
 q - 2 scrolls of teleportation
 v - a scroll of random uselessness
 A - a scroll of recharging {unknown}
Potions
 o - a potion of brilliance
 u - a potion of flight
 w - a potion of curing {unknown}
 z - a potion of might
Comestibles
 f - 2 meat rations
 g - a beef jerky
 s - a slice of pizza


   Skills:
 - Level 2.1 Fighting
 * Level 6.7 Staves
 * Level 1.6(2.1) Slings
 - Level 2.1(2.5) Throwing
 - Level 3.6 Dodging


You had 6 spell levels left.
You didn't know any spells.

Dungeon Overview and Level Annotations

Branches:
Dungeon (4/15)
 Temple: D:4-7

Altars:
Ashenzari
Zin
The Shining One


Innate Abilities, Weirdness & Mutations

You are small and have problems with some larger weapons.
You are carnivorous and can eat meat at any time.


Message History

You hit the orc wizard.
The orc wizard is lightly wounded.
The orc wizard hits you but does no damage.
The orc hits you but does no damage.
Your chain mail prevents you from hitting the orc wizard.
The orc wizard is lightly wounded.
The orc wizard hits you but does no damage.
You are electrocuted!
* * * LOW HITPOINT WARNING * * *
The orc hits you but does no damage.
You are too injured to fight recklessly!
You hit the orc wizard.
The orc wizard is heavily wounded.
The orc wizard barely misses you. The orc hits you but does no damage.
You barely miss the orc wizard.
The orc wizard is heavily wounded.
The orc wizard hits you but does no damage.
You are electrocuted!
Ouch! That really hurt!
You die...

. #...# ##( #...#
#.. #...# ### #.#
#...# .. #.#
######...## #.
#.####..........
#.##...............
#.....###...[......
#o@.....####.#...#.
..(.).o.##.#.#
#.#<..#.
###(.......#.#
#.#..... ####..####
# #.#..... #..#
#.#..... #...
#....... #.##
######.. #.
#######.. #........


You could see an orc wizard and an orc.

Vanquished Creatures
  A phantom (D:4)
  A centaur (D:3)
  A howler monkey (D:4)
  A hound (D:4)
  Ijyb (D:2)
  An orc wizard (D:3)
  3 gnolls (D:2)
  4 adders
  An ooze (D:4)
  2 worms
  A dart slug (D:1)
  2 leopard geckos (D:2)
  10 orcs
  7 bats
  5 giant cockroaches
  5 goblins
  7 hobgoblins
  A jackal (D:2)
  7 kobolds
  A quokka (D:3)
  A ball python (D:1)
  4 frilled lizards
  6 rats
73 creatures vanquished.

Notes
Turn   | Place    | Note
-------+----------+-------------------------------------------
     0 | D:1      | Kurtz the Kobold Gladiator began the quest for the Orb.
     0 | D:1      | Reached XP level 1. HP: 12/12 MP: 1/1
   101 | D:1      | Reached skill level 3 in Staves
   213 | D:1      | Reached XP level 2. HP: 17/17 MP: 2/2
   691 | D:2      | Noticed Ijyb
   712 | D:2      | Killed Ijyb
   712 | D:2      | Reached skill level 4 in Staves
   712 | D:2      | Reached XP level 3. HP: 18/21 MP: 3/3
   734 | D:2      | Found a glowing golden altar of the Shining One.
   799 | D:2      | Reached XP level 4. HP: 21/26 MP: 4/4
  1729 | D:2      | Reached XP level 5. HP: 30/30 MP: 5/5
  1732 | D:2      | Reached skill level 5 in Staves
  2092 | D:2      | Found a glowing silver altar of Zin.
  2379 | D:3      | Noticed a centaur
  2393 | D:3      | Killed a centaur
  2393 | D:3      | Reached XP level 6. HP: 13/35 MP: 6/6
  3227 | D:3      | Reached skill level 6 in Staves
  3386 | D:4      | Found a shattered altar of Ashenzari.
  3466 | D:4      | Reached skill level 1 in Slings
  3619 | D:4      | Noticed a phantom
  3894 | D:4      | Killed a phantom
  3894 | D:4      | Reached XP level 7. HP: 33/40 MP: 7/7
  3983 | D:4      | Mangled by an orc wizard

Vault maps used:
D:1:      mushboom_english_gardens, minivault_26, minmay_misc_feat_rows,
          minmay_pentomino_p4
D:2:      marbit_many_paths, nicolae_overflow_crystal_walls, st_stairs_9,
          roderic_lattice_a, minmay_misc_feat_doors, uniq_iyjb
D:4:      evilmike_ruin_ashenzari, minmay_crystal_water, solitary_fountain

Skill      XL: |  1  2  3  4  5  6 |
---------------+-------------------+-----
Staves         | 3 4 5 6 |  6.7
Slings         | 1 |  1.6
Fighting       | |  2.1
Throwing       | |  2.1
Dodging        | |  3.6

Action                   |  1- 3 |  4- 6 |  7- 9 || total
-------------------------+-------+-------+-------++-------
Melee: Quarterstaff      |    43 |   201 |     4 ||   248
 Fire: Fustibalus        |       |    21 |     6 ||    27
Throw: Throwing net      |       |     3 |       ||     3
  Use: Scroll            |       |    12 |       ||    12
 Stab: Held in net/web   |       |     1 |       ||     1
       Sleeping          |       |     1 |       ||     1
  Eat: Chunk             |     8 |     9 |       ||    17
Armor: Ring mail         |    17 |    36 |       ||    53
       Chain mail        |       |    53 |     5 ||    58
Dodge: Dodged            |    28 |   116 |     1 ||   145
